 Dungeon Crawl Stone Soup version 0.17-a0-1133-gfb1399f (webtiles) character file.

195 Duffy the Conjurer (level 5, -5/24 HPs)
             Began as a Vine Stalker Conjurer on May 25, 2015.
             Slain by a scorpion (7 damage)
             ... on level 3 of the Dungeon.
             The game lasted 00:06:42 (3304 turns).

Duffy the Conjurer (Vine Stalker Conjurer)          Turns: 3304, Time: 00:06:44

Health: -5/24      AC:  3    Str: 10    XL:     5   Next: 74%
Magic:  0/12       EV: 12    Int: 19    God:
Gold:   94         SH:  0    Dex: 15    Spells: 4 memorised, 0 levels left

rFire  . . .     SeeInvis .     o - +0 rapier
rCold  . . .     Clarity  .     a - +0 robe
rNeg   . . .     SustAt   .     (no shield)
rPois  .         Gourm    .     (no helmet)
rElec  .         Spirit   +     (no cloak)
rCorr  .         Warding  .     e - +0 pair of gloves
rMut   .         Stasis   .     (no boots)
MR     .....                    (no amulet)
Stlth  ++........               (no ring)
                                r - +3 ring of intelligence

@: lethally poisoned (-5 -> -18), not resistant to hostile enchantments,
unstealthy
A: fangs 2, regeneration 1, magic shield, antimagic bite, no device heal 3, rot
immunity
a: no special abilities


You were on level 3 of the Dungeon.
You were not hungry.

You visited 1 branch of the dungeon, and saw 3 of its levels.

You collected 94 gold pieces.

Inventory:

Hand weapons
 o - a +0 rapier (weapon)
Missiles
 f - 12 poisoned needles
 m - 13 stones (quivered)
Armour
 a - a +0 robe (worn)
 e - a +0 pair of gloves (worn)
Jewellery
 r - a +3 ring of intelligence (left hand)
Magical devices
 s - a wand of polymorph (17)
 t - a wand of fireball (3)
Scrolls
 h - a scroll of recharging {unknown}
 i - 3 scrolls of identify {unknown}
 j - 2 scrolls of remove curse {unknown}
 k - 2 scrolls of random uselessness {unknown}
 n - a scroll of enchant armour {unknown}
 q - a scroll of noise {unknown}
Potions
 g - 3 potions of curing {unknown}
 v - a potion of flight {unknown}
Books
 b - a book of Conjurations

   Spells                             Type                      Level
   a - Magic Dart                     Conjuration                  1
   b - Searing Ray                    Conjuration                  2
   c - Dazzling Spray                 Conjuration/Hexes            3
   d - Fulminant Prism                Conjuration/Hexes            4
   e - Iskenderun's Mystic Blast      Conjuration                  4
   f - Iskenderun's Battlesphere      Conjuration/Charms           5
 p - a book of Annihilations {highlevel, unknown}

   This book is beyond your current level of understanding.

   Spells                             Type                      Level
   a - Poison Arrow                   Conjuration/Poison           6
   b - Chain Lightning                Conjuration/Air              8
   c - Lehudib's Crystal Spear        Conjuration/Earth            8
   d - Glaciate                       Conjuration/Ice              9
   e - Fire Storm                     Conjuration/Fire             9
Comestibles
 c - 3 bread rations
 d - a meat ration
 l - 3 fruits
 u - 3 chunks of flesh


   Skills:
 - Level 1.5 Dodging
 - Level 2.4 Stealth
 + Level 4.3 Spellcasting
 * Level 5.4 Conjurations
 + Level 1.1 Charms


You couldn't memorise any spells.
You knew the following spells:

 Your Spells              Type           Power        Failure   Level  Hunger
a - Magic Dart            Conj           ###.         1%          1    None
d - Iskenderun's Mystic   Conj           ###.....     14%         4    ####...
e - Iskenderun's Battles  Conj/Chrm      ###.....     91%         5    ######.
s - Searing Ray           Conj           ###...       1%          2    #......


Dungeon Overview and Level Annotations

Branches:
Dungeon (3/15)

Altars:

Annotations:
D:2 Sigmund
D:3 asdu's ghost, weakling CeAK


Innate Abilities, Weirdness & Mutations

You have extremely sharp teeth.
Your natural rate of healing is unusually fast.
When hurt, damage is shared between your health and your magic reserves.
Your bite disrupts and absorbs the magic of your enemies.
Potions and wands cannot restore your health.
You are immune to rotting.


Message History

Press: ? - help, Shift-Dir - straight line, f/p - scorpion
Aim: a scorpion (moderately wounded)
The searing ray misses the scorpion.
You feel sick. The scorpion stings you.
You are more poisoned.
The scorpion poisons you!
The searing ray misses the scorpion.
* * * LOW HITPOINT WARNING * * *
You feel sick. The scorpion stings you.
* * * LOW HITPOINT WARNING * * *
The searing ray hits the scorpion.
The scorpion is heavily wounded.
* * * LOW HITPOINT WARNING * * *
You feel sick. The scorpion closely misses you.
You hit the scorpion. Your bite misses the scorpion.
The scorpion is severely wounded.
* * * LOW HITPOINT WARNING * * *
You feel sick.
The scorpion stings you but does no damage.
The scorpion stings you!
You die...

# ########.####
##########)#####W....#
........#.#.....).####
#######....#####.#..)#
###### #.#.### #.#.###
#.....# ####.####
#.@s....# #.##.##.# #.
#...!# #. ###..# #.
..# #. .# ## ##


You could see a scorpion.

Vanquished Creatures
  10 adders
  4 gnolls (D:3)
  An ooze (D:2)
  2 worms (D:2)
  2 giant geckos (D:3)
  2 ball pythons
  6 bats
  2 giant cockroaches
  6 goblins
  11 hobgoblins
  4 kobolds
  6 quokkas (D:2)
  5 giant newts
  3 rats
64 creatures vanquished.

Notes
Turn   | Place    | Note
--------------------------------------------------------------
     0 | D:1      | Duffy the Vine Stalker Conjurer began the quest for the Orb.
     0 | D:1      | Reached XP level 1. HP: 9/9 MP: 4/4
   220 | D:1      | Reached XP level 2. HP: 13/13 MP: 1/6
   508 | D:1      | Learned a level 2 spell: Searing Ray
  1057 | D:2      | Reached XP level 3. HP: 11/16 MP: 1/8
  1555 | D:2      | Reached XP level 4. HP: 21/21 MP: 2/10
  1629 | D:2      | Learned a level 4 spell: Iskenderun's Mystic Blast
  1733 | D:2      | Noticed Sigmund
  2085 | D:2      | Reached skill level 5 in Conjurations
  2209 | D:2      | Reached XP level 5. HP: 19/24 MP: 5/12
  2260 | D:2      | Learned a level 5 spell: Iskenderun's Battlesphere
  2875 | D:3      | Reached skill level 1 in Charms
  3292 | D:3      | Noticed asdu's ghost (weakling CeAK)
  3304 | D:3      | Slain by a scorpion

Vault maps used:
D:1:      dpeg_arrival_round_c
D:2:      uniq_sigmund
D:3:      first_bread, minmay_misc_feat_ornament, uniq_crazy_yiuf_cottage

Action                   |  1- 3 |  4- 6 || total
-------------------------+-------+-------++-------
Melee: Dagger            |    17 |       ||    17
       Rapier            |       |     1 ||     1
 Cast: Magic Dart        |    74 |    81 ||   155
       Searing Ray       |       |     6 ||     6
  Eat: Chunk             |     2 |     6 ||     8
